 Dungeon Crawl Stone Soup version 0.24-a0-474-g47c397e050 (webtiles) character file.

Game seed: 7724235359838881690

375 Gynju the Poker (level 6, -3/51 HPs)
             Began as a Hill Orc Fighter on July 5, 2019.
             Was a Follower of Cheibriados.
             Killed from afar by an orc wizard (12 damage)
             ... with a puff of flame
             ... on level 4 of the Dungeon.
             The game lasted 00:05:14 (2766 turns).

Gynju the Poker (Hill Orc Fighter)                  Turns: 2766, Time: 00:05:15

Health: -3/51      AC:  8    Str: 24    XL:     6   Next: 72%
Magic:  6/6        EV:  7    Int: 11    God:    Cheibriados [*.....]
Gold:   165        SH: 10    Dex: 13    Spells: 5/5 levels left

rFire    . . .     SeeInvis .   a - +0 trident
rCold    . . .     Gourm    .   c - +0 shield
rNeg     . . .     Faith    .   b - +0 scale mail
rPois    .         Spirit   .   s - +0 hat
rElec    .         Reflect  .   (no cloak)
rCorr    .         Harm     .   u - +0 pair of gloves
MR       .....                  (no boots)
Stlth    ..........             (no amulet)
HPRegen  0.17/turn              (no ring)
MPRegen  0.10/turn              (no ring)

@: very slow
A: no striking features
a: Bend Time, Renounce Religion


You were on level 4 of the Dungeon.
You worshipped Cheibriados.
Cheibriados was aware of your devotion.
You were not hungry.

You visited 1 branch of the dungeon, and saw 4 of its levels.

You collected 165 gold pieces.

Inventory:

Hand Weapons
 a - a +0 trident (weapon)
Armour
 b - a +0 scale mail (worn)
 c - a +0 shield (worn)
 s - a +0 hat (worn)
 u - a +0 pair of gloves (worn)
Jewellery
 j - an uncursed ring of resist corrosion
 n - an uncursed ring of magical power {unknown}
Scrolls
 e - 2 scrolls of amnesia {unknown}
 i - 3 scrolls of remove curse {unknown}
 k - 2 scrolls of teleportation {unknown}
 l - a scroll of immolation {unknown}
 q - 2 scrolls of magic mapping {unknown}
 r - 4 scrolls of identify {unknown}
 t - 4 scrolls of enchant weapon {unknown}
Potions
 d - a potion of might
 g - a potion of invisibility {unknown}
 m - a potion of cancellation {unknown}
 o - 3 potions of curing {unknown}
 p - 2 potions of resistance {unknown}
 v - a potion of flight {unknown}
 w - a potion of agility {unknown}
 x - a potion of lignification {unknown}
Comestibles
 f - 15 rations
 h - 9 chunks of flesh


   Skills:
 - Level 3.6 Fighting
 + Level 7.6 Polearms
 - Level 3.2 Armour
 - Level 3.2 Shields
 + Level 0.1 Invocations


You had 5 spell levels left.
You didn't know any spells.
Your spell library was empty.

Dungeon Overview and Level Annotations

Branches:
Dungeon (4/15)
 Temple: D:4-7

Altars:
Cheibriados
Gozag

Annotations:
D:4 Pikel


Message History

The orc wizard completely misses you.
The orc wizard gestures at you while chanting.
The puff of frost hits you.
* * * LOW HITPOINT WARNING * * *
The orc wizard hits you but does no damage.
You hit the orc wizard.
The orc wizard is moderately wounded.
You block the orc wizard's attack.
The orc wizard gestures at you while chanting.
You resist with some effort.
The orc wizard casts a cantrip, but nothing happens.
You miss the orc wizard.
The orc wizard is moderately wounded.
The orc wizard gestures wildly while chanting.
The orc wizard blinks!
The orc wizard barely misses you.
You hit the orc.
The orc is almost dead.
The orc wizard casts a spell at you. The puff of flame hits you!
You die...

##.........# ##
##......###.###
#.......#..÷..#
#.......#.#.###
#.......#.._..#
#.......###.#.#
#.......#.....# ##
#.......###.### #.
#.........#o@# #.
#..........#o# ##÷
#..........o.# #..
#............#. #.#
##.......#...... #.#
##.....#....o#.. ###.#
#####<#.##.....# #...#
##...........#######.###
#÷.###..................


You could see 2 orc wizards and 2 orcs.

Vanquished Creatures
  A slave (D:4)
  An ogre (D:4)
  A howler monkey (D:4)
  An orc priest (D:3)
  Ijyb (D:4)
  8 adders
  3 oozes
  An adder skeleton (D:4)
  3 worms (D:3)
  A dart slug (D:1)
  A leopard gecko (D:1)
  11 orcs
  3 ball pythons
  2 bats
  2 giant cockroaches
  7 goblins
  9 hobgoblins
  12 jackals
  8 kobolds
  2 quokkas
  3 frilled lizards
  6 rats
87 creatures vanquished.

Notes
Turn   | Place    | Note
-------+----------+-------------------------------------------
     0 | D:1      | Gynju the Hill Orc Fighter began the quest for the Orb.
     0 | D:1      | Reached XP level 1. HP: 19/19 MP: 1/1
    34 | D:1      | Reached XP level 2. HP: 26/26 MP: 2/2
    37 | D:1      | Reached skill level 3 in Polearms
   237 | D:1      | Reached XP level 3. HP: 28/31 MP: 3/3
   373 | D:1      | Reached skill level 4 in Polearms
   643 | D:2      | Reached XP level 4. HP: 27/39 MP: 4/4
   831 | D:2      | Reached skill level 5 in Polearms
   874 | D:2      | Found a snail-covered altar of Cheibriados.
   889 | D:2      | Became a worshipper of Cheibriados the Contemplative
  1436 | D:3      | Reached XP level 5. HP: 45/45 MP: 5/5
  1515 | D:3      | Reached * piety under Cheibriados
  1528 | D:3      | Reached skill level 6 in Polearms
  2227 | D:4      | Noticed an ogre
  2232 | D:4      | Killed an ogre
  2232 | D:4      | Reached skill level 7 in Polearms
  2232 | D:4      | Reached XP level 6. HP: 17/51 MP: 6/6
  2512 | D:4      | Got a crude mace
  2513 | D:4      | Identified the +2 mace "Cuwketh" {crush, rF- MR++} (You
                  | found it on level 4 of the Dungeon)
  2558 | D:4      | Noticed a slave
  2558 | D:4      | Noticed Pikel
  2564 | D:4      | Noticed a slave
  2590 | D:4      | Killed a slave
  2638 | D:4      | Noticed Ijyb
  2654 | D:4      | Killed Ijyb
  2717 | D:4      | Found an opulent altar of Gozag.
  2766 | D:4      | Killed from afar by an orc wizard

Levels and vault maps discovered:
D:1:      nzn_arrival_water_spiral, layout_rooms, minmay_split_cup_small
D:2:      layout_loops_ring, cheibriados_altar_1, first_ration,
          kennysheep_generic_room_10
D:3:      layout_loops_ring
D:4:      cheibrodos_quashed, layout_rooms,
          grunt_temple_overflow_forces_of_nature,
          nicolae_gozag_cash_rules_everything_around_me, uniq_ijyb, uniq_pikel

Skill      XL: |  1  2  3  4  5 |
---------------+----------------+-----
Polearms       | 3 4 5 7 |  7.6
Fighting       | |  3.6
Armour         | |  3.2
Shields        | |  3.2
Invocations    | |  0.1

Action                   |  1- 3 |  4- 6 || total
-------------------------+-------+-------++-------
Melee: Trident           |    96 |   264 ||   360
  Eat: Chunk             |       |     5 ||     5
Armor: Scale mail        |    23 |    67 ||    90
Dodge: Dodged            |    25 |    51 ||    76
Block: Shield            |    44 |   102 ||   146

Table legend:
 A = Non-vault XP
 B = Vault XP
 C = Vault XP percentage of total XP
 D = Non-vault monster count
 E = Vault monster count
 F = Vault count percentage of total count
                 A         B        C        D         E       F
            +---------+---------+-------+---------+---------+-------
      Total |     491 |      45 |   8.4 |      80 |       6 |   7.0
            +---------+---------+-------+---------+---------+-------
        D:1 |      43 |       5 |  10.4 |      19 |       3 |  13.6
        D:2 |     101 |       4 |   3.8 |      20 |       2 |   9.1
        D:3 |     139 |       0 |   0.0 |      32 |       0 |   0.0
        D:4 |     208 |      36 |  14.8 |       9 |       1 |  10.0
            +---------+---------+-------+---------+---------+-------
